 Seeded DCSS version 0.29.1-15-g9cfb28693d (webtiles) character file.

Game seed: 6076705715975610250 (custom seed)

16 Sanktem7 the Trooper (level 2, 27/27 HPs)
             Began as a Minotaur Fighter on Mar 13, 2023.
             Was a Plaything of Xom.
             Quit the game on level 1 of the Dungeon.
             The game lasted 00:01:49 (1286 turns).

Sanktem7 the Trooper (Minotaur Fighter)             Turns: 1286, Time: 00:01:49

Health: 27/27      AC:  7    Str: 20    XL:     2   Next: 41%
Magic:  1/1        EV:  9    Int:  5    God:    Xom [..*...]
Gold:   40         SH:  4    Dex:  9    Spells: 1/1 levels left

rFire   . . .      SeeInvis .   a - +0 war axe {axe}
rCold   . . .      Faith    .   c - +0 buckler
rNeg    . . .      Spirit   .   b - +0 scale mail
rPois   .          Reflect  .   (helmet restricted)
rElec   .          Harm     .   (no cloak)
rCorr   .          Rampage  .   (no gloves)
Will    .....                   (no boots)
Stlth   ..........              (no amulet)
HPRegen 0.09/turn               (no ring)
MPRegen 0.07/turn               (no ring)

@: no status effects
A: horns 2, retaliatory headbutt
a: Renounce Religion


You were on level 1 of the Dungeon.
You worshipped Xom.
You were a toy of Xom.
You visited 1 branch of the dungeon, and saw 1 of its levels.

You collected 40 gold pieces.


Innate Abilities, Weirdness & Mutations

You have a pair of horns on your head.
You reflexively headbutt those who attack you in melee.


   Skills:
 + Level 3.8 Fighting
 * Level 3.0 Axes
 + Level 3.8 Armour
 + Level 3.8 Shields


You had one spell level left.
You didn't know any spells.
Your spell library was empty.

Inventory:

Hand Weapons
 a - a +0 war axe (weapon) {axe}
 e - a +2 dagger of venom {short}
   (You took it off a goblin on level 1 of the Dungeon)
Missiles
 f - 4 stones (quivered) {throwing}
Armour
 b - a +0 scale mail (worn)
 c - a +0 buckler (worn)
Jewellery
 g - a ring of resist corrosion
   (You found it on level 1 of the Dungeon)
Scrolls
 h - a scroll of acquirement {unknown}
 j - a scroll of noise {unknown}
Potions
 d - a potion of might
 i - 2 potions of curing {unknown}

Dungeon Overview and Level Annotations

Branches:
Dungeon (1/15) Zot: 4705

Altars:
Xom

'...........# #.......##.###...
#..........## #.......##.#.....
...........######..........#.....
#..........##...........##.#.#...
#..........)..........####.#.#...
#..........##.....###.# #.#.###.
#...........#########.# #.#.....
###########.##⌠#⌠#⌠##.# #.######
#.....@.....# #.......
####⌠#⌠#⌠#..###########
########.##......# #......##.#
#############################.###
.............................>...
........##.##.#.#############.###
.......##..##.#.#.........# #.#
#..8..##...##.#.#.###.###.# #.#


There were no monsters in sight!


Message History

Found a stone staircase leading down.
There is a stone staircase leading down here.
You now have 40 gold pieces (gained 16).
Found a faded altar of an unknown god.
There is a fountain of sparkling water here.
There is a fountain of sparkling water here.
A giant cockroach comes into view.
A giant cockroach is nearby!
You slash the giant cockroach!
You kill the giant cockroach!
Your Axes skill increases to level 3!
A goblin comes into view. It is wielding a +0 dagger.
The goblin shouts!
A goblin is nearby!
You closely miss the goblin. The goblin barely misses you.
The goblin hits you but does no damage.
You closely miss the goblin. Your headbutt misses the goblin.
The goblin hits you but does no damage.
You barely miss the goblin. The goblin barely misses you.
You furiously retaliate!
You headbutt the goblin!
You kill the goblin!
No target in view!
No target in view!
No target in view!
i - a golden potion
i - 2 golden potions (gained 1)
You open the door.
There is an open door here.
You see here a +0 dagger {short}.
Key pressed, stopping explore.
There is an open door here.
There is a staircase leading out of the dungeon here.
You open the door.
There is an open door here.
There is an open door here.
There is a staircase leading out of the dungeon here.
There is an open door here.
A goblin comes into view. It is wielding a +0 club.
The goblin shouts!
A goblin is nearby!
The goblin hits you but does no damage.
You slash the goblin!
You kill the goblin!
No target in view!
No target in view!
No target in view!
No target in view!
No target in view!
Key pressed, stopping explore.
j - a scroll labelled DOISACL WASU Key pressed, stopping explore.
There is an open door here.
There is a staircase leading out of the dungeon here.
There is an open door here.
You open the door.
There is an open door here.
Done exploring.
There is a faded altar of an unknown god here.
There is a faded altar of an unknown god here.
You cannot tell which god this altar belongs to.
Convert to them anyway?
Okay, then.
Unknown command.
Press < or > to pray at altars.
You cannot tell which god this altar belongs to.
Convert to them anyway?
Okay, then.
You cannot tell which god this altar belongs to.
Convert to them anyway?
Xom accepts your prayer! Xom welcomes you!
Xom is interested.
There is a shimmering altar of Xom here.
There is an open door here.
There is a staircase leading out of the dungeon here.
You can't go down here!
Okay, then.
There is an open door here.
There is a shimmering altar of Xom here.
You offer a prayer to Xom.
You offer a prayer to Xom.
You offer a prayer to Xom.
Unknown command.
Press < or > to pray at altars.
Unknown command.
Press < or > to pray at altars.
You offer a prayer to Xom.
You offer a prayer to Xom.
You offer a prayer to Xom.
You offer a prayer to Xom.
You offer a prayer to Xom.
You offer a prayer to Xom.
You offer a prayer to Xom.
You offer a prayer to Xom.
You offer a prayer to Xom.
You offer a prayer to Xom.
You offer a prayer to Xom.
You offer a prayer to Xom.
You offer a prayer to Xom.
You offer a prayer to Xom.
You offer a prayer to Xom.
You offer a prayer to Xom.
Are you sure you want to abandon this character and quit the game? (Confirm with "yes".)

Skill      XL: |  1  2 |
---------------+-------+-----
Axes           | 3 |  3.0
Fighting       | |  3.8
Armour         | |  3.8
Shields        | |  3.8

Action                   || total
-------------------------++-------
Melee: War axe           ||    20
Armor: Scale mail        ||     7
Dodge: Dodged            ||    15
Block: Buckler           ||     3

Levels and vault maps discovered:
D:1:      giann_horns, layout_basic, ebering_ecumenical_altar_hall,
          serial_glass, glass_columns_b, glass_columns_c, glass_columns_a,
          kennysheep_doodads

Notes
Turn   | Place    | Note
-------+----------+-------------------------------------------
     0 | D:1      | Sanktem7 the Minotaur Fighter began the quest for the Orb.
     0 | D:1      | Reached XP level 1. HP: 19/19 MP: 0/0
     0 | D:1      | magus.rc [v1.9.6]
   362 | D:1      | Reached XP level 2. HP: 26/27 MP: 1/1
   698 | D:1      | Found a faded altar of an unknown god.
   711 | D:1      | Reached skill level 3 in Axes
  1203 | D:1      | Prayed at the altar of an unknown god.
  1203 | D:1      | Became a worshipper of Xom of Chaos
  1286 | D:1      | Quit the game

Vanquished Creatures
  An endoplasm (D:1)
  3 giant cockroaches (D:1)
  3 goblins (D:1)
  A hobgoblin (D:1)
  A kobold (D:1)
  A ball python (D:1)
  4 bats (D:1)
14 creatures vanquished.

Table legend:
 A = Non-vault XP
 B = Vault XP
 C = Vault XP percentage of total XP
 D = Non-vault monster count
 E = Vault monster count
 F = Vault count percentage of total count
                 A         B        C        D         E       F
            +---------+---------+-------+---------+---------+-------
      Total |      24 |       0 |   0.0 |      14 |       0 |   0.0
            +---------+---------+-------+---------+---------+-------
        D:1 |      24 |       0 |   0.0 |      14 |       0 |   0.0
            +---------+---------+-------+---------+---------+-------

Illustrated notes

Table legend:
 A = Kills in this place as a percentage of kills in entire the game.
 B = Kills by you in this place as a percentage of kills by you in the entire game.
 C = Kills by friends in this place as a percentage of kills by friends in the entire game.
 D = Other kills in this place as a percentage of other kills in the entire game.
 E = Experience gained in this place as a percentage of experience gained in the entire game.
 F = Experience gained in this place divided by the number of levels of this place that you have seen.
                   A       B       C       D       E      F
               +-------+-------+-------+-------+-------+----------------------
         Total | 100.0 | 100.0 |   N/A |   N/A | 100.0 |  24.0
       Dungeon | 100.0 | 100.0 |   N/A |   N/A | 100.0 |  24.0
               +-------+-------+-------+-------+-------+----------------------

Table legend: (Time is in decaauts)
 A = Elapsed time spent in this place.
 B = Non-inter-level travel time spent in this place.
 C = Inter-level travel time spent in this place.
 D = Time resting spent in this place.
 E = Time spent auto-exploring this place.
 F = Levels seen in this place.
 G = Mean time per level.
                   A        B        C        D        E       F      G
               +--------+--------+--------+--------+--------+-----+--------+
         Total |   1294 |   1140 |    154 |      0 |   1062 |   1 | 1294.0 |
       Dungeon |   1294 |   1140 |    154 |      0 |   1062 |   1 | 1294.0 |
               +--------+--------+--------+--------+--------+-----+--------+

Top non-repeatable levels by time:
     D:1: 1294 daAuts
